AoeStats
← Pandaduongvat

Arabia

510063288Analyzed
1v1 RM · 1d ago on Sep 29, 2026· 47m 35s· 2 players
Game mode
Random Map
Map size
Tiny (2 player)
Population
200
Speed
Normal
Resources
Standard
Victory
Conquest
Starting age
Dark Age
Ending age
Imperial Age
RankedLock teamsTeams togetherTeam positionsShared explorationLock speedFull tech treeHidden civsTurbo modeCheats
Victory
Defeat
🇨🇳 Hindustanis · China
1009
+17
🇨🇿 Lithuanians · Czechia
1031
-17
没牌面儿
5:59 Loom
10:12 Feudal Age
17:37 Double-Bit Axe
19:59 Castle Age
18:41 Forging
18:46 Horse Collar
20:13 Fletching
26:10 Husbandry
26:20 Bloodlines
27:36 Wheelbarrow
30:38 Heavy Plow
34:13 Iron Casting
37:35 Imperial Age
35:21 Hand Cart
35:36 Ballistics
36:07 Bow Saw
36:07 Bodkin Arrow
36:12 Scale Mail Armor
36:27 Grand Trunk Road
39:39 Town Watch
40:39 Conscription
40:28 Gold Mining
41:01 Masonry
40:56 Heavy Camel Rider
41:24 Elite Ghulam
44:04 Blast Furnace
43:19 Chain Mail Armor
45:26 Chemistry
44:41 Imperial Camel Rider
46:01 Siege Engineers
46:47 Scale Barding Armor
Pandaduongvat
6:57 Loom
9:22 Feudal Age
11:08 Double-Bit Axe
17:54 Horse Collar
19:00 Wheelbarrow
20:55 Castle Age
20:48 Bloodlines
20:46 Scale Barding Armor
20:51 Forging
23:07 Iron Casting
22:42 Husbandry
22:38 Gold Mining
26:06 Bow Saw
25:57 Heavy Plow
28:34 Pikeman
29:14 Squires
28:59 Arson
30:07 Chain Barding Armor
30:17 Crossbowman
32:09 Town Watch
41:30 Imperial Age
42:31 Thumb Ring
42:56 Cavalier
Connection lost

Rejoining the realm…

Still unreachable

The connection could not be restored.

Session expired

The server has moved on; the page needs a fresh start.